 Dungeon Crawl Stone Soup version 0.29-a0-22-gbf593b16ee (webtiles) character file.

Game seed: 1713877126046316447

4744 HallandMoats the Fighter (level 10, -2/83 HPs)
             Began as a Formicid Fighter on Jan 29, 2022.
             Was a Believer of Okawaru.
             Slain by a hornet (12 damage)
             ... on level 8 of the Dungeon.
             The game lasted 00:12:07 (8361 turns).

HallandMoats the Fighter (Formicid Fighter)         Turns: 8361, Time: 00:12:08

Health: -2/83      AC: 15    Str: 23    XL:     10   Next: 74%
Magic:  12/14      EV:  8    Int:  8    God:    Okawaru [**....]
Gold:   406        SH: 10    Dex: 12    Spells: 9/9 levels left

rFire   . . .      SeeInvis +   b - +2 quarterstaff (speed)
rCold   . . .      Faith    .   t - +0 kite shield {reflect}
rNeg    . . .      Spirit   .   o - +0 plate armour
rPois   .          Reflect  +   (helmet unavailable)
rElec   .          Harm     .   (no cloak)
rCorr   +          Rampage  .   (no gloves)
Will    +....                   u - +0 pair of boots
Stlth   ..........              (no amulet)
HPRegen 0.23/turn               i - ring of resist corrosion
MPRegen 0.14/turn               (no ring)

@: heroic
A: permanent stasis, dig shafts and tunnels, antennae 3, four strong arms
a: Dig, Shaft Self, Renounce Religion, Heroism


You were on level 8 of the Dungeon.
You worshipped Okawaru.
Okawaru was pleased with you.
You visited 2 branches of the dungeon, and saw 9 of its levels.

You collected 406 gold pieces.

Inventory:

Hand Weapons
 b - a +2 quarterstaff of speed (weapon)
Armour
 o - a +0 plate armour (worn)
 t - a +0 kite shield of reflection (worn)
 u - a +0 pair of boots (worn)
Jewellery
 i - a ring of resist corrosion (left hand)
Wands
 e - a wand of flame (37)
 s - a wand of paralysis (11)
 v - a wand of acid (3)
 w - a wand of iceblast (2)
Scrolls
 a - 3 scrolls of fear
 f - 3 scrolls of enchant armour
 g - a scroll of enchant weapon
 h - 2 scrolls of immolation
 k - a scroll of amnesia
 n - a scroll of holy word {unknown}
 p - a scroll of fog {unknown}
Potions
 c - 2 potions of heal wounds {unknown}
 d - a potion of magic
 j - a potion of might
 l - 2 potions of curing
 m - 3 potions of haste
 q - 2 potions of brilliance
 r - a potion of resistance


   Skills:
 * Level 9.1(10.1) Fighting
 * Level 7.9(8.9) Axes
 + Level 6.7(8.3) Armour
 + Level 4.5(7.2) Dodging
 + Level 7.3(8.6) Shields
 + Level 6.0(3.0) Invocations


You had 9 spell levels left.
You didn't know any spells.
Your spell library contained the following spells:

 Spells                   Type           Power      Damage    Failure   Level
 Gell's Gravitas          Tloc           0%         N/A       100%        3
 Teleport Other           Tloc           0%         N/A       100%        3
 Iskenderun's Mystic Bla  Conj/Tloc      0%         2d3       100%        4
 Sticky Flame             Conj/Fire      0%         2d3       100%        4
 Alistair's Intoxication  Tmut/Pois      0%         N/A       100%        5
 Borgnjor's Vile Clutch   Necr/Erth      0%         N/A       100%        5
 Irradiate                Conj/Tmut      0%         3d14      100%        5
 Eringya's Noxious Bog    Tmut/Pois      0%         N/A       100%        6


Dungeon Overview and Level Annotations

Branches:
Dungeon (8/15)             Temple (1/1) D:7
   Lair: D:8-11

Altars:
Ashenzari
Cheibriados
Dithmenos
Elyvilon
Fedhas
Gozag
Hepliaklqana
Kikubaaqudgha
Makhleb
Okawaru
Qazlal
Ru
Trog
Uskayaw
Wu Jian
Yredelemnul
Zin
The Shining One

Shops:
D:2 (   D:3 [(

Annotations:
D:4 Natasha
D:5 2 transporters


Innate Abilities, Weirdness & Mutations

You cannot be hasted, slowed, berserked, paralysed or teleported.
You can dig through walls and to a lower floor.
You have a pair of large antennae on your head. (SInv)
Your four strong arms can wield two-handed weapons with a shield.


Message History

The hornet is severely wounded.
The hornet completely misses you. You block the hornet's attack.
You hit the hornet.
The hornet is severely wounded.
The hornet barely misses you.
You barely miss the hornet.
The hornet is severely wounded.
The hornet stings you.
* * * LOW HITPOINT WARNING * * *
Your stasis prevents you from being paralysed.
You completely miss the hornet.
The hornet is severely wounded.
You block the hornet's attack. The hornet stings you.
* * * LOW HITPOINT WARNING * * *
Your stasis prevents you from being slowed.
You hit the hornet.
The hornet is severely wounded.
The hornet stings you.
* * * LOW HITPOINT WARNING * * *
Your stasis prevents you from being paralysed.
The hornet stings you.
* * * LOW HITPOINT WARNING * * *
Your stasis prevents you from being paralysed.
You gain the combat prowess of a mighty hero.
You block the hornet's attack.
You closely miss the hornet.
The hornet is severely wounded.
The hornet stings you.
* * * LOW HITPOINT WARNING * * *
Your stasis prevents you from being slowed.
You miss the hornet.
The hornet is severely wounded.
The hornet stings you but does no damage.
You barely miss the hornet.
The hornet is severely wounded.
You block the hornet's attack. The hornet barely misses you.
You miss the hornet.
The hornet is severely wounded.
The hornet stings you!
You die...

.##...######'#####...............
......# #.....##.##............
....#.# #............####....##
###.#.# #............# #.....#
....#.# #............####.....#
#####.##########.....).#.......##
..............................##
#####.##########.......#.######
#####.#### #@#####.#...#
.........# ###y#####.#..##
..##.....# #..Y.$.##.#..#
#.##.....# #......##.#...
#.##.....# ........##.##.##
#.##.....##.....<...##.# ..
#.#########.........##.# .# #.#
#.....##### ... ......#


You could see a hornet and an ice beast.

Vanquished Creatures
  A two-headed ogre (D:6)
  Pikel (D:4)
  Joseph (D:8)
  An unseen horror (D:6)
  A troll (D:7)
  Sigmund (D:4)
  A wyvern (D:8)
  3 sky beasts
  An ice beast (D:5)
  An ogre (D:4)
  A necrophage (D:7)
  4 centaurs
  A phantom (D:6)
  A kobold brigand (D:8)
  2 bullfrogs
  3 scorpions
  A gnoll sergeant (D:6)
  2 water moccasin zombies
  A wyvern skeleton (D:5)
  A water moccasin skeleton (D:7)
  A centaur zombie (D:6)
  2 bullfrog zombies
  8 hounds
  A jelly (D:4)
  An orc priest (D:4)
  2 bullfrog skeletons
  2 gnoll shamans (D:6)
  A centaur skeleton (D:4)
  An iguana (D:7)
  2 orc wizards (D:4)
  A scorpion zombie (D:4)
  2 killer bee zombies (D:7)
  2 hound zombies (D:4)
  4 hound skeletons (D:4)
  8 adders
  10 gnolls (D:6)
  A howler monkey skeleton (D:7)
  An ufetubus (D:5)
  2 adder zombies (D:4)
  2 adder skeletons (D:4)
  A worm (D:3)
  11 dart slugs
  8 orcs (D:4)
  7 ball pythons
  5 bats
  4 endoplasms
  3 giant cockroaches
  8 goblins
  5 hobgoblins
  3 jackals (D:1)
  13 kobolds
  3 frilled lizards
  A quokka zombie (D:4)
  4 rats
  A butterfly (D:7)
160 creatures vanquished.

Vanquished Creatures (others)
  A plant (D:1)
1 creature vanquished.

Grand Total: 161 creatures vanquished

Notes
Turn   | Place    | Note
-------+----------+-------------------------------------------
     0 | D:1      | HallandMoats the Formicid Fighter began the quest for the
                  | Orb.
     0 | D:1      | Reached XP level 1. HP: 18/18 MP: 1/1
    48 | D:1      | Found a faded altar of an unknown god.
    67 | D:1      | Prayed at the altar of an unknown god.
    67 | D:1      | Became a worshipper of Ashenzari the Shackled
   180 | D:1      | Reached XP level 2. HP: 21/25 MP: 2/2
  1014 | D:2      | Reached XP level 3. HP: 30/30 MP: 3/3
  1736 | D:2      | Found Vodoxall's Weapon Emporium.
  1779 | D:3      | Found a white marble altar of Elyvilon.
  1780 | D:3      | Found a stormy altar of Qazlal.
  1866 | D:3      | Reached skill level 1 in Invocations
  1866 | D:3      | Reached XP level 4. HP: 35/38 MP: 4/4
  1894 | D:3      | Found Boso's Antique Armour Shoppe.
  1959 | D:3      | Reached skill level 4 in Fighting
  1979 | D:3      | You fall into a shaft and drop 2 floors!
  1979 | D:5      | Entered Level 5 of the Dungeon
  2049 | D:3      | Found a hide-covered altar of Uskayaw.
  2049 | D:3      | Found a bloodstained altar of Trog.
  2093 | D:4      | Reached skill level 1 in Dodging
  2235 | D:4      | Reached XP level 5. HP: 37/43 MP: 4/6
  2366 | D:3      | Found Daecvagu's Weapon Shop.
  3145 | D:4      | Reached XP level 6. HP: 46/51 MP: 7/7
  3367 | D:4      | Noticed Pikel
  3379 | D:4      | Killed Pikel
  3380 | D:4      | Reached skill level 5 in Fighting
  3380 | D:4      | Reached skill level 5 in Shields
  3380 | D:4      | Reached XP level 7. HP: 33/58 MP: 7/9
  3380 | D:4      | Reached XP level 8. HP: 37/64 MP: 7/10
  3722 | D:4      | Reached skill level 6 in Fighting
  3740 | D:4      | Reached skill level 5 in Axes
  3757 | D:4      | Noticed Natasha
  4106 | D:4      | Noticed Sigmund
  4114 | D:4      | Killed Sigmund
  4115 | D:4      | Reached skill level 5 in Armour
  4356 | D:5      | Found a transporter.
  4361 | D:5      | Found a transporter.
  4395 | D:5      | Reached XP level 9. HP: 62/72 MP: 10/12
  4631 | D:5      | Reached skill level 7 in Fighting
  5083 | D:6      | Noticed a two-headed ogre
  5093 | D:6      | Killed a two-headed ogre
  5184 | D:6      | Noticed an unseen horror
  5213 | D:6      | Killed an unseen horror
  5214 | D:6      | Reached skill level 5 in Invocations
  5561 | D:6      | Reached skill level 8 in Fighting
  5561 | D:6      | Reached XP level 10. HP: 67/82 MP: 13/13
  5702 | D:6      | Found a sacrificial altar of Ru.
  6042 | D:6      | Reached * piety under Ashenzari
  6375 | D:7      | Found a staircase to the Ecumenical Temple.
  6421 | Temple   | Entered the Ecumenical Temple
  6698 | Temple   | Fell from the grace of Ashenzari
  6698 | Temple   | Became a worshipper of Warmaster Okawaru
  6776 | D:7      | Found a shadowy altar of Dithmenos.
  7369 | D:7      | Got the Volume of Destructive Translocation
  7475 | D:7      | Reached * piety under Okawaru
  7519 | D:7      | Found the +18 Lear's hauberk
  8009 | D:8      | Noticed Joseph
  8028 | D:8      | Killed Joseph
  8029 | D:8      | Reached skill level 9 in Fighting
  8217 | D:8      | Reached ** piety under Okawaru
  8361 | D:8      | Slain by a hornet

Illustrated notes

Levels and vault maps discovered:
D:1:      nzn_arrival_settlement, layout_loops_ring,
          dreamdust_ecumenical_altar_grove, minivault_26, chequers_garden
D:2:      layout_basic, serial_shops, nicolae_shop_bloodbath_and_beyond,
          serial_glass, glass_columns_a, glass_columns_b
D:3:      kennysheep_slugbush, layout_basic, nicolae_overflow_hidden_temple,
          nicolae_overflow_squiral, serial_shops, nicolae_square_shop, shop,
          kennysheep_donut
D:4:      layout_loops_ring, serial_undead, serial_undead_a, serial_undead_f,
          serial_undead_a, serial_undead_d, uniq_sigmund, uniq_natasha,
          uniq_pikel
D:5:      gammafunk_wand_slinger, layout_loops_ring, grunt_ministairs_13
D:6:      layout_cave_pools, hangedman_ru_absence, serial_gnoll_camp,
          gnoll_camp_mini_loothouse, gnoll_camp_mini_basic,
          gnoll_camp_mini_house, gnoll_camp_mini_hut
D:7:      layout_loops_ring, grunt_dithmenos_smoke,
          minmay_temple_entry_butterflies, enter_bailey_5,
          hellmonk_guarded_unrand_lears
D:8:      layout_basic, tgw_sif, mainiacjoe_overflow_paths,
          nicolae_vehumet_altar_sigil, david_lair_generic, uniq_harold,
          uniq_joseph, uniq_erica
Temple:   hc_temple_tempest_star

Skill      XL: |  1  2  3  4  5  6  7  8  9 10 |
---------------+-------------------------------+-----
Invocations    | 1 3 4 5 6 |  6.0
Fighting       | 4 5 6 8 9 |  9.1
Shields        | 4 5 6 7 |  7.3
Dodging        | 1 2 3 4 |  4.5
Axes           | 3 4 5 6 7 |  7.9
Armour         | 4 5 6 |  6.7

Action                   |  1- 3 |  4- 6 |  7- 9 | 10-12 || total
-------------------------+-------+-------+-------+-------++-------
Melee: War axe           |    95 |    56 |       |       ||   151
       Quarterstaff      |       |    83 |   196 |   246 ||   525
Invok: Curse Item        |     1 |       |       |     1 ||     2
       Heroism           |       |       |       |     1 ||     1
Evoke: Wand              |       |       |     3 |       ||     3
  Use: Scroll            |       |       |     5 |       ||     5
       Potion            |       |       |     2 |     1 ||     3
Armor: Scale mail        |    66 |    14 |       |       ||    80
       Plate armour      |       |    55 |   101 |   134 ||   290
Dodge: Dodged            |    53 |    32 |    57 |    75 ||   217
Block: Buckler           |    33 |    30 |    50 |    20 ||   133
       Kite shield       |       |       |       |    89 ||    89
       Reflection        |       |       |       |     9 ||     9

Table legend: (Time is in decaauts)
 A = Elapsed time spent in this place.
 B = Non-inter-level travel time spent in this place.
 C = Inter-level travel time spent in this place.
 D = Time resting spent in this place.
 E = Time spent auto-exploring this place.
 F = Levels seen in this place.
 G = Mean time per level.
                   A        B        C        D        E       F      G
               +--------+--------+--------+--------+--------+-----+--------+
         Total |   8393 |   8206 |    187 |    774 |   5774 |   9 |  932.6 |
       Dungeon |   8089 |   7955 |    134 |    774 |   5543 |   8 | 1011.1 |
        Temple |    304 |    251 |     53 |      0 |    231 |   1 |  304.0 |
               +--------+--------+--------+--------+--------+-----+--------+

Top non-repeatable levels by time:
     D:4: 1360 daAuts
     D:6: 1253 daAuts
     D:7: 1170 daAuts
     D:3: 1055 daAuts
     D:1: 1001 daAuts
     D:5: 922 daAuts
     D:2: 793 daAuts
     D:8: 531 daAuts
  Temple: 304 daAuts
